 Seeded DCSS version 0.29.1-13-g9f3cf754e1 (webtiles) character file.

Game seed: 16245865983455551772 (custom seed)

203 OTABOTABOTAB the Caller (level 5, -3/33 HPs)
             Began as an Octopode Summoner on Jan 27, 2023.
             Slain by a white imp (5 damage)
             ... summoned by Natasha
             ... on level 3 of the Dungeon.
             The game lasted 00:05:41 (3518 turns).

OTABOTABOTAB the Caller (Octopode Summoner)         Turns: 3518, Time: 00:05:42

Health: -3/33      AC:  1    Str:  7    XL:     5   Next: 81%
Magic:  7/10       EV: 13    Int: 32    God:
Gold:   138        SH:  0    Dex: 12    Spells: 1/10 levels left

rFire   . . .      SeeInvis .   b - +0 dagger
rCold   . . .      Faith    .   (no shield)
rNeg    . . .      Spirit   .   (helmet restricted)
rPois   .          Reflect  .   p - amulet of regeneration
rElec   .          Harm     .   I - +6 ring of intelligence
rCorr   .          Rampage  .   h - +6 ring of intelligence
Will    .....                   (no ring)
Stlth   +++.......              (no ring)
HPRegen 0.11/turn               (no ring)
MPRegen 0.12/turn               (no ring)
                                (no ring)
                                (no ring)

@: slowed, very slow
A: almost no armour, amphibious, 8 rings, camouflage 1, gelatinous body 1,
(nimble swimmer 1), tentacles
a: no special abilities


You were on level 3 of the Dungeon.
You visited 1 branch of the dungeon, and saw 3 of its levels.

You collected 138 gold pieces.

Inventory:

Hand Weapons
 a - a +0 sling
   (You found it on level 1 of the Dungeon)
 b - a +0 dagger (weapon)
   (You found it on level 1 of the Dungeon)
Missiles
 f - 6 poisoned darts
 s - 28 stones
Jewellery
 h - a +6 ring of intelligence (right tentacle)
   (You found it on level 1 of the Dungeon)
 p - an amulet of regeneration (around mantle)
   (You found it on level 3 of the Dungeon)
 I - a +6 ring of intelligence (left tentacle)
   (You found it on level 1 of the Dungeon)
Wands
 n - a wand of roots (4)
   (You found it on level 3 of the Dungeon)
Scrolls
 c - 3 scrolls of acquirement {unknown}
 g - 2 scrolls of teleportation {unknown}
 j - a scroll of summoning {unknown}
 k - 2 scrolls of identify {@r1}
 l - a scroll of enchant weapon {unknown}
 m - a scroll of immolation {unknown}
 o - a scroll of noise {unknown}
Potions
 d - a potion of might {unknown}
 i - a potion of lignification {unknown}
 L - 2 potions of flight
 M - a potion of magic


   Skills:
 + Level 1.3 Fighting
 + Level 2.6 Dodging
 - Level 2.6 Stealth
 + Level 3.4 Spellcasting
 + Level 1.4 Hexes
 + Level 5.1 Summonings


You had one spell level left.
You knew the following spells:

 Your Spells              Type           Power      Damage    Failure   Level
a - Summon Small Mammal   Summ           100%       N/A       1%          1
b - Call Canine Familiar  Summ           38%        N/A       2%          3
c - Call Imp              Summ           38%        N/A       1%          2
d - Summon Guardian Gole  Hex/Summ       26%        N/A       4%          3

Your spell library contained the following spells:

 Spells                   Type           Power      Damage    Failure   Level
 Sting                    Tmut/Pois      20%        1d4       6%          1
 Poisonous Vapours        Pois/Air       10%        N/A       9%          2
 Summon Lightning Spire   Summ/Air       22%        N/A       21%         4
 Olgreb's Toxic Radiance  Pois           5%         N/A       52%         4
 Chain Lightning          Conj/Air       2%         3d3       100%        9
 Fire Storm               Conj/Fire      2%         8d1       100%        9
 Shatter                  Erth           2%         3d6*      100%        9


Dungeon Overview and Level Annotations

Branches:
Dungeon (3/15)

Altars:

Shops:
D:3 [

Annotations:
D:3 Natasha


Innate Abilities, Weirdness & Mutations

You cannot wear most types of armour.
You are amphibious.
You can wear up to eight rings at the same time.
Your skin changes colour to match your surroundings (Stealth+).
Your rubbery body absorbs attacks. (AC +1, EV +1)
((You are camouflaged when in or above water. (Stealth+)))
You have tentacles for arms and can constrict up to eight enemies at once.


Message History

Keep equipping yourself?
You feel yourself slow down.
You continue putting on your amulet of regeneration.
Natasha claws you.
You continue putting on your amulet of regeneration.
Natasha barely misses you.
Natasha wildly gestures.
Natasha shimmers violently.
Natasha claws you.
You finish putting on your amulet of regeneration.
The amulet cannot attune itself to your injured body.
p - an amulet of regeneration (around mantle)
You take 3 damage, and have 30/33 hp.
As you read the scroll labelled DOIQEGH ICARY, it crumbles to dust.
It is a scroll of identify.
Really abort (and waste the scroll)? [Y]es or [N]o only, please.
Really abort (and waste the scroll)? [Y]es or [N]o only, please.
Really abort (and waste the scroll)? [Y]es or [N]o only, please.
Really abort (and waste the scroll)? [Y]es or [N]o only, please.
Really abort (and waste the scroll)? [Y]es or [N]o only, please.
Really abort (and waste the scroll)? [Y]es or [N]o only, please.
Really abort (and waste the scroll)? [Y]es or [N]o only, please.
Really abort (and waste the scroll)? [Y]es or [N]o only, please.
Really abort (and waste the scroll)? [Y]es or [N]o only, please.
Really abort (and waste the scroll)?
e - 2 potions of flight;
L - 2 potions of flight Natasha claws you.
You take 3 damage, and have 27/33 hp.
Natasha claws you! Natasha closely misses you.
You take 8 damage, and have 19/33 hp.
MASSIVE DAMAGE!!
You now have 7/10 mp.
What are your orders? t - Shout!
Orders for allies: a - Attack new target. r - Retreat! s - Stop attacking. g - Guard the area. f - Follow me.
Anything else - Cancel.
Gang up on whom?
Aim: Natasha (ally target) Attack!
Natasha barely misses you.
Your hound bites Natasha.
Natasha closely misses you.
Your hound completely misses Natasha.
Natasha barely misses you.
Your hound bites Natasha.
Your hound closely misses Natasha.
Natasha barely misses you.
Your hound bites Natasha.
Natasha closely misses you.
Your hound closely misses Natasha.
Natasha claws you!
You take 9 damage, and have 10/33 hp.
MASSIVE DAMAGE!!
A beastly little devil appears in a puff of flame.
Your hound closely misses Natasha.
Your hound barely misses Natasha.
Natasha completely misses you.
Your hound bites Natasha.
You now have 6/10 mp.
Unknown command.
What are your orders? t - Shout!
Orders for allies: a - Attack new target. p - Attack previous target. r - Retreat! s - Stop attacking. g - Guard the area. f - Follow me.
Anything else - Cancel.
Gang up on whom?
Aim: Natasha (almost dead, ally target) Attack!
Your hound barely misses Natasha.
Natasha casts a spell at you.
You feel as though you will be slow longer.
Your hound barely misses Natasha.
Natasha claws you!
* * * LOW HITPOINT WARNING * * *
You take 8 damage, and have 2/33 hp.
MASSIVE DAMAGE!!
Your hound completely misses Natasha.
Your crimson imp blinks!
Natasha casts a spell at you.
You feel as though you will be slow longer.
Your hound completely misses Natasha.
Your hound bites Natasha.
Natasha casts a spell.
Your hound completely misses Natasha.
Your crimson imp hits the white imp but does no damage.
Natasha hisses at your hound. Natasha casts a spell at your hound.
The magic dart hits your hound.
Your hound bites Natasha.
Your crimson imp misses the white imp.
Your hound closely misses Natasha.
The white imp hits you but does no damage.
Natasha claws your hound.
Your crimson imp hits the white imp but does no damage.
Your hound misses Natasha. x2; Natasha barely misses your hound.
The white imp hits you.
* * * LOW HITPOINT WARNING * * *
The white imp freezes you.
You die...

...#.# ####.# .
...)># . .
####.# .#..
....)# #...#
####.# #...#
#.# ###..# #.#
###hh.#
####'#####
#.5@#
#........#
##5###
#........# #..#
#.[......# #.##
#........####.#
#.............#
####'##.......#
#...........#
#...........#


You could see Natasha (distracted, ally target), a white imp (summoned), a
friendly hound (summoned) and a friendly crimson imp (summoned).

Vanquished Creatures
  An endoplasm (D:1)
  2 quokkas (D:1)
3 creatures vanquished.

Vanquished Creatures (collateral kills)
  An orc priest (D:3)
  Jessica (D:2)
  2 orc wizards (D:3)
  Natasha (D:3)
  2 adders
  5 orcs (D:3)
  5 ball pythons
  3 bats
  4 endoplasms
  2 goblins (D:1)
  7 hobgoblins
  4 kobolds
  A quokka (D:1)
  3 frilled lizards
  7 rats
48 creatures vanquished.

Vanquished Creatures (others)
  2 plants (D:3)
2 creatures vanquished.

Grand Total: 53 creatures vanquished

Notes
Turn   | Place    | Note
-------+----------+-------------------------------------------
     0 | D:1      | OTABOTABOTAB the Octopode Summoner began the quest for the
                  | Orb.
     0 | D:1      | Reached XP level 1. HP: 11/11 MP: 3/3
    81 | D:1      | HP: 2/11 [frozen (5)]
    83 | D:1      | Reached XP level 2. HP: 4/17 MP: 1/5
    86 | D:1      | Learned a level 2 spell: Call Imp
   400 | D:1      | Found a faded altar of an unknown god.
  1299 | D:1      | Reached XP level 3. HP: 21/21 MP: 3/6
  1303 | D:1      | Learned a level 3 spell: Call Canine Familiar
  1880 | D:2      | Noticed Jessica
  1900 | D:2      | Killed Jessica
  1901 | D:2      | Reached skill level 3 in Spellcasting
  1901 | D:2      | Reached XP level 4. HP: 25/27 MP: 0/8
  2049 | D:2      | Learned a level 3 spell: Summon Guardian Golem
  2742 | D:3      | Found Ymmy Ciutu's Antique Armour Shoppe.
  2950 | D:3      | Reached skill level 5 in Summonings
  2950 | D:3      | Reached XP level 5. HP: 26/32 MP: 3/9
  2953 | D:3      | Reached skill level 1 in Hexes
  3103 | D:3      | Noticed Natasha
  3113 | D:3      | Killed Natasha
  3114 | D:3      | Reached skill level 1 in Fighting
  3501 | D:3      | Noticed Natasha
  3514 | D:3      | HP: 2/33 [Natasha (8)]
  3518 | D:3      | Slain by a white imp

Illustrated notes

Levels and vault maps discovered:
D:1:      minmay_arrival_hallway, layout_loops_corners, basic_ecumenical_altar,
          minmay_unequal
D:2:      layout_loops_ring, uniq_jessica
D:3:      layout_basic, serial_shops, nicolae_shop_advertising_works
          [nicolae_subvault_shop_adworks], minmay_shallow_snake_nest,
          uniq_natasha

Skill      XL: |  1  2  3  4  5 |
---------------+----------------+-----
Spellcasting   | 3 |  3.4
Summonings     | 5 |  5.1
Hexes          | 1 |  1.4
Fighting       | 1 |  1.3
Dodging        | |  2.6
Stealth        | |  2.6

Action                   |  1- 3 |  4- 6 || total
-------------------------+-------+-------++-------
Melee: Dagger            |     4 |     4 ||     8
       Constrict         |     1 |     1 ||     2
 Fire: Sling             |    10 |       ||    10
 Cast: Summon Small Mamm |     4 |     4 ||     8
       Call Imp          |    10 |     4 ||    14
       Call Canine Famil |     5 |    14 ||    19
  Use: Scroll            |       |     1 ||     1
Armor: Skin              |     4 |     2 ||     6
Dodge: Dodged            |    21 |    14 ||    35

Table legend: (Time is in decaauts)
 A = Elapsed time spent in this place.
 B = Non-inter-level travel time spent in this place.
 C = Inter-level travel time spent in this place.
 D = Time resting spent in this place.
 E = Time spent auto-exploring this place.
 F = Levels seen in this place.
 G = Mean time per level.
                   A        B        C        D        E       F      G
               +--------+--------+--------+--------+--------+-----+--------+
         Total |   3533 |   3429 |    104 |      0 |   2989 |   3 | 1177.7 |
       Dungeon |   3533 |   3429 |    104 |      0 |   2989 |   3 | 1177.7 |
               +--------+--------+--------+--------+--------+-----+--------+

Top non-repeatable levels by time:
     D:1: 1451 daAuts
     D:3: 1196 daAuts
     D:2: 885 daAuts

Table legend:
 A = Kills in this place as a percentage of kills in entire the game.
 B = Kills by you in this place as a percentage of kills by you in the entire game.
 C = Kills by friends in this place as a percentage of kills by friends in the entire game.
 D = Other kills in this place as a percentage of other kills in the entire game.
 E = Experience gained in this place as a percentage of experience gained in the entire game.
 F = Experience gained in this place divided by the number of levels of this place that you have seen.
                   A       B       C       D       E      F
               +-------+-------+-------+-------+-------+----------------------
         Total | 100.0 | 100.0 | 100.0 |   N/A | 100.0 |  97.0
       Dungeon | 100.0 | 100.0 | 100.0 |   N/A | 100.0 |  97.0
               +-------+-------+-------+-------+-------+----------------------
